AoeStats
← ztarug93

Nomad

510140876Analyzed
2v2 RM · 3d ago on Sep 29, 2026· 44m 48s· 4 players
Game mode
Random Map
Map size
176×176
Population
200
Speed
Normal
Resources
Standard
Victory
Conquest
Starting age
Dark Age
Ending age
Imperial Age
RankedLock teamsTeams togetherTeam positionsShared explorationLock speedFull tech treeHidden civsTurbo modeCheats
Victory
Defeat
🇨🇦 Persians · Canada
1253
+16
🇩🇪 Vietnamese · Germany
1236
+18
🇪🇸 Mongols · Spain
1266
-17
🇲🇦 Bohemians · Morocco
1258
-17
AblaZe Bruda
6:04 Loom
12:50 Feudal Age
14:06 Double-Bit Axe
18:36 Castle Age
16:46 Fletching
16:56 Padded Archer Armor
17:07 Town Watch
17:57 Wheelbarrow
17:25 Padded Archer Armor
20:30 Thumb Ring
20:43 Crossbowman
34:03 Horse Collar
35:29 Bloodlines
35:20 Husbandry
35:48 Hand Cart
39:20 Chatras
40:11 Scale Barding Armor
40:22 Elite Skirmisher
41:19 Bodkin Arrow
41:39 Leather Archer Armor
choka60
7:43 Loom
13:00 Feudal Age
16:40 Castle Age
15:01 Town Watch
16:48 Scale Barding Armor
16:54 Forging
18:38 Chain Barding Armor
20:21 Medium Warships
21:31 Double-Bit Axe
26:26 Horse Collar
29:45 Fishing Lines
30:41 Fletching
33:44 Bloodlines
33:35 Husbandry
37:01 Wheelbarrow
39:37 Imperial Age
39:49 Iron Casting
39:10 Bodkin Arrow
41:11 Hand Cart
40:53 Gold Mining
40:54 Heavy Camel Rider
42:47 Plate Barding Armor
43:01 Heavy Plow
43:16 Bow Saw
45:55 Blast Furnace
No-One-Knows-Me
3:50 Loom
13:45 Feudal Age
14:52 Town Watch
17:59 Castle Age
15:55 Double-Bit Axe
18:26 Wheelbarrow
17:59 Horse Collar
23:31 Hand Cart
40:20 Imperial Age
40:32 Pikeman
41:13 Squires
43:13 Halberdier
ztarug93
12:30 Feudal Age
13:06 Double-Bit Axe
18:08 Loom
24:39 Castle Age
23:00 Gold Mining
23:19 Stone Mining
23:27 Fletching
25:24 Demolition Ship
27:53 Bow Saw
28:19 Bodkin Arrow
35:40 Ballistics
38:04 Padded Archer Armor
40:18 Wheelbarrow
40:18 Husbandry
40:50 Bloodlines
42:02 Horse Collar
42:57 Thumb Ring
43:22 Masonry
42:51 Pikeman
44:22 Forging
44:13 Scale Mail Armor
Connection lost

Rejoining the realm…

Still unreachable

The connection could not be restored.

Session expired

The server has moved on; the page needs a fresh start.